 Dungeon Crawl Stone Soup version 0.31.0-32-g396128a36d (webtiles) character file.

Game seed: 5225885313300745518

4631 AdnanSaban the Basher (level 10, -16/61 HPs)
             Began as a Gargoyle Fighter on Apr 11, 2024.
             Demolished by a freezing wraith (20 damage)
             ... on level 8 of the Dungeon.
             The game lasted 00:23:11 (9115 turns).

AdnanSaban the Basher (Gargoyle Fighter)            Turns: 9115, Time: 00:23:12

Health: -16/61     AC: 23    Str: 25    XL:     10   Next: 43%
Magic:  10/10      EV:  9    Int:  8    God:
Gold:   466        SH:  5    Dex:  9    Spells: 9/9 levels left

rFire   . . .        a - +0 whip (elec)
rCold   . . .        c - +0 buckler
rNeg    + . .        k - +0 chain mail
rPois   ∞            K - +0 helmet
rElec   +            J - +2 cloak {Stlth+}
rCorr   .            (no gloves)
SInv    +            (no boots)
Will    .....        (no amulet) Stlth
                     y - ring of see invisible
HPRegen 0.30/turn    (no ring)
MPRegen 0.12/turn

%: no passive effects
@: slowed, very slow
A: sickness immunity, AC +7, negative energy resistance 1, electricity
resistance, torment resistance 1, petrification resistance
a: no special abilities


You were on level 8 of the Dungeon.
You visited 2 branches of the dungeon, and saw 10 of its levels.
You also visited: Ossuary.

You collected 466 gold pieces.

Inventory:

Hand Weapons
 a - a +0 whip of electrocution (weapon)
Missiles
 i - 7 boomerangs
 F - 11 poisoned darts (quivered)
 L - 6 curare-tipped darts
Armour
 c - a +0 buckler (worn)
 k - a +0 chain mail (worn)
 E - the +0 ring mail of the Chimera {-Cast rElec rC++}
   (You found it on level 3 of the Dungeon)

   rC++:      It greatly protects you from cold.
   rElec:     It insulates you from electricity.
   -Cast:     It prevents spellcasting.
 J - a +2 cloak of stealth (worn)
 K - a +0 helmet (worn)
Jewellery
 s - a ring of fire
 y - a ring of see invisible (left hand)
Wands
 q - a wand of flame (43)
 A - a wand of mindburst (19)
 B - a wand of polymorph (9)
 N - a wand of iceblast (9)
Scrolls
 e - 3 scrolls of vulnerability {unknown}
 f - 13 scrolls of identify {unknown}
 g - 5 scrolls of teleportation {unknown}
 l - a scroll of revelation {unknown}
 m - 4 scrolls of silence {unknown}
 r - 3 scrolls of fog {unknown}
 t - 2 scrolls of brand weapon {unknown}
 u - 3 scrolls of immolation {unknown}
 v - 2 scrolls of acquirement {unknown}
 D - 2 scrolls of enchant weapon {unknown}
 I - a scroll of fear {unknown}
Potions
 b - 3 potions of lignification {unknown}
 d - a potion of might
 h - 2 potions of attraction {unknown}
 j - 3 potions of mutation {unknown}
 n - 3 potions of cancellation {unknown}
 o - 3 potions of invisibility {unknown}
 p - 7 potions of curing {unknown}
 w - 7 potions of degeneration
 x - 2 potions of berserk rage {unknown}
 z - a potion of enlightenment {unknown}
 C - 2 potions of magic {unknown}
 G - a potion of haste {unknown}
 H - a potion of resistance {unknown}
 M - a potion of ambrosia
 O - a potion of brilliance {unknown}


   Skills:
 + Level 6.8 Fighting
 + Level 9.1 Maces & Flails
 + Level 1.8 Throwing
 + Level 8.7 Armour
 + Level 2.9 Dodging
 + Level 1.7 Stealth
 + Level 7.6 Shields


You had 9 spell levels left.
You didn't know any spells.
Your spell library contained the following spells:

 Spells                   Type           Power      Damage    Failure   Level
 Magic Dart               Conj           0%         1d3       91%         1
 Necrotise                Necr           0%         1d4       91%         1
 Searing Ray              Conj           0%         2d4       97%         2
 Gell's Gravitas          Tloc           0%         N/A       100%        3
 Teleport Other           Tloc           0%         N/A       100%        3
 Vampiric Draining        Necr           0%         2d6       100%        3
 Fulminant Prism          Conj/Alch      0%         3d5       100%        4
 Ignite Poison            Fire/Alch      0%         N/A       100%        4
 Martyr's Knell           Necr/Summ      0%         N/A       100%        4
 Curse of Agony           Necr           0%         N/A       100%        5
 Freezing Cloud           Conj/Ice/Air   0%         6-21      100%        5
 Dispersal                Tloc           0%         N/A       100%        6
 Cigotuvi's Dreadful Rot  Necr/Alch/Air  Unusable   N/A       N/A         2

Dungeon Overview and Level Annotations

Branches:
Dungeon (9/15)             Temple (1/1) D:5            Lair (0/5) D:8
Ossuary (visited)
    Orc: D:9-12

Altars:
Ashenzari
Cheibriados
Dithmenos
Elyvilon
Fedhas
Gozag
Hepliaklqana
Makhleb
Nemelex Xobeh
Qazlal
Ru
Sif Muna
Trog
Uskayaw
Wu Jian
Xom
Yredelemnul
Zin

Shops:
D:4 *   D:6 [

Annotations:
D:6 3 runed translucent doors, riffraff's ghost, novice SpHs
D:7 2 transporters, tykejmi's ghost, novice SpEn


Innate Abilities, Weirdness & Mutations

You are immune to sickness and miasma.
Your stone body is resilient. (AC +7)
You are immune to poison.
You resist negative energy. (rN+)
You are resistant to electric shocks. (rElec)
You are resistant to unholy torment.
You are immune to petrification.


Message History

The freezing wraith barely misses you. x2
You hit the freezing wraith but do no damage.
The freezing wraith is almost destroyed.
You barely miss the freezing wraith.
The freezing wraith is almost destroyed.
The freezing wraith hits you but does no damage. x2
You barely miss the freezing wraith.
The freezing wraith is almost destroyed.
The freezing wraith closely misses you. The freezing wraith hits you.
* * * LOW HITPOINT WARNING * * *
You barely miss the freezing wraith.
The freezing wraith is almost destroyed.
The freezing wraith hits you but does no damage. x2
You closely miss the freezing wraith.
The freezing wraith is almost destroyed.
The freezing wraith completely misses you.
The freezing wraith hits you.
* * * LOW HITPOINT WARNING * * *
The freezing wraith drains your vigour!
You feel as though you will be slow longer.
You barely miss the freezing wraith.
The freezing wraith is almost destroyed.
The freezing wraith hits you but does no damage.
You block the freezing wraith's attack.
You closely miss the freezing wraith.
The freezing wraith is almost destroyed.
You block the freezing wraith's attack.
The freezing wraith hits you but does no damage.
You hit the freezing wraith but do no damage.
The freezing wraith is almost destroyed.
The freezing wraith hits you but does no damage. x2
You closely miss the freezing wraith.
The freezing wraith is almost destroyed.
The freezing wraith hits you but does no damage. x2
You barely miss the freezing wraith.
The freezing wraith is almost destroyed.
The freezing wraith hits you!
* * * LOW HITPOINT WARNING * * *
The freezing wraith freezes you!!
You die...

#♣...♣#♣......)......♣ ♣.♣
#.....#♣.♣♣♣♣♣♣♣♣♣♣♣.♣ ♣.♣
#.....#♣.♣.........♣.♣ ♣♣.♣♣
#.....#♣.♣.♣♣♣♣♣♣♣.♣.♣#♣...♣#
#.♣♣♣.#♣.♣.# ♣.♣.♣#.....#
#♣.♣.♣♣♣.♣.# ♣.♣.♣♣..P..#
#.♣♣♣....♣.# ' ♣.♣.....~P.#
#♣.♣.♣♣♣[♣.####.#♣.♣.♣♣...P.#
#.♣♣♣.#♣.♣..@W..#♣.♣.♣#.....#
#.....#♣.♣♣♣♣♣♣♣♣♣.♣.♣#♣...♣#
#.....#♣...........♣.♣ ♣♣.♣♣
#.....#♣♣♣♣♣♣♣♣♣♣♣♣♣.♣ ♣.♣
#♣O..♣# ♣.......♣ ♣.♣ ♣♣.♣♣
♣.♣♣♣♣♣♣♣ ♣.♣ ♣c♣ ### #.# ###
##♣O♣## ♣.♣
♣♣.♣♣♣#.#♣♣♣.♣♣#.♣.♣.#
#♣♣.♣♣#♣.♣.♣#.#.#♣.♣.♣#.O♣..#


You could see a freezing wraith.

Vanquished Creatures
  A two-headed ogre (D:8)
  A manticore (D:8)
  A slime creature (D:8)
  A shadow (D:8)
  A wyvern (D:8)
  3 steam dragons (D:8)
  An acid dragon (D:8)
  2 sky beasts
  An orc warrior (D:8)
  An ogre (D:5)
  4 centaurs
  3 phantoms
  3 kobold brigands (D:8)
  3 bullfrogs (D:7)
  2 gnoll sergeants
  2 scorpions
  A wight (D:8)
  A killer bee (D:7)
  4 howler monkeys
  5 human zombies (Ossuary)
  5 orc priests (D:7)
  3 hounds
  An iguana (D:4)
  A jelly (D:5)
  Crazy Yiuf (D:7)
  A sleepcap (D:7)
  2 orc wizards (D:8)
  A centaur simulacrum (D:8)
  A hound zombie (Ossuary)
  4 mummies (Ossuary)
  Robin (D:4)
  5 gnolls
  9 adders
  A shadow imp (D:7)
  4 white imps
  An adder zombie (Ossuary)
  3 dart slugs
  5 ribbon worms
  26 orcs
  7 ball pythons
  5 bats
  9 endoplasms
  3 giant cockroaches
  7 hobgoblins
  3 quokkas
  2 frilled lizards
  A gnoll zombie (Ossuary)
  19 goblins
  A jackal zombie (Ossuary)
  9 kobolds
  2 kobold zombies (Ossuary)
  5 rats
  A rat zombie (Ossuary)
190 creatures vanquished.

Vanquished Creatures (others)
  An orc wizard (D:8)
  A quokka (D:8)
2 creatures vanquished.

Grand Total: 192 creatures vanquished

Notes
Turn   | Place    | Note
-------+----------+-------------------------------------------
     0 | D:1      | AdnanSaban the Gargoyle Fighter began the quest for the
                  | Orb.
     0 | D:1      | Reached XP level 1. HP: 14/14 MP: 1/1
    92 | D:1      | Reached XP level 2. HP: 19/19 MP: 2/2
   415 | D:1      | Reached XP level 3. HP: 24/24 MP: 3/3
  1178 | D:2      | Reached XP level 4. HP: 29/29 MP: 4/4
  1762 | D:3      | Reached skill level 3 in Maces & Flails
  1855 | D:3      | Identified the +0 ring mail of the Chimera {-Cast rElec
                  | rC++}
  1953 | D:4      | Found Westraawoh's General Store.
  1984 | D:4      | Found a sand-covered staircase.
  1989 | Ossuary  | Entered an ossuary
  2010 | Ossuary  | Reached XP level 5. HP: 7/33 MP: 5/5
  2305 | Ossuary  | Reached skill level 4 in Maces & Flails
  2305 | Ossuary  | Reached XP level 6. HP: 18/38 MP: 6/6
  2597 | D:4      | Reached skill level 5 in Maces & Flails
  2825 | D:4      | Reached XP level 7. HP: 43/43 MP: 7/7
  2850 | D:4      | Noticed Robin
  2888 | D:4      | Killed Robin
  2940 | D:4      | Found a sacrificial altar of Ru.
  3441 | D:5      | Entered Level 5 of the Dungeon
  3442 | D:5      | Found a stormy altar of Qazlal.
  3454 | D:4      | Reached skill level 1 in Dodging
  3566 | D:5      | Reached skill level 5 in Armour
  3687 | D:5      | Reached skill level 6 in Maces & Flails
  3774 | D:5      | Reached skill level 5 in Shields
  3774 | D:5      | Reached XP level 8. HP: 44/48 MP: 8/8
  3973 | D:5      | Found a broken altar of Ashenzari.
  4043 | D:5      | Found a staircase to the Ecumenical Temple.
  4052 | Temple   | Entered the Ecumenical Temple
  4103 | D:6      | Found Itsinu's Antique Armour Shop.
  4179 | D:6      | Found a runed translucent gate.
  4179 | D:6      | Found a runed translucent gate.
  4180 | D:6      | Found a runed translucent gate.
  4181 | D:6      | Noticed riffraff's ghost (novice SpHs)
  4182 | D:6      | Noticed a gargoyle
  4799 | D:6      | Reached skill level 5 in Fighting
  4813 | D:6      | Reached skill level 7 in Maces & Flails
  4997 | D:7      | Reached skill level 1 in Stealth
  5581 | D:7      | Reached skill level 1 in Throwing
  5933 | D:7      | Found a transporter.
  5933 | D:7      | Found a transporter.
  5986 | D:7      | Reached XP level 9. HP: 32/54 MP: 9/9
  6241 | D:7      | Identified the ring "Pubuk" {rPois Int+6}
  6302 | D:7      | Found a runed translucent door.
  6303 | D:7      | Noticed Crazy Yiuf
  6307 | D:7      | Killed Crazy Yiuf
  6550 | D:7      | Noticed tykejmi's ghost (novice SpEn)
  6621 | D:8      | Reached skill level 8 in Maces & Flails
  6901 | D:8      | Found a white marble altar of Elyvilon.
  7015 | D:8      | Found a staircase to the Lair.
  7820 | D:8      | Noticed a cyclops
  7820 | D:8      | Noticed a two-headed ogre
  8613 | D:9      | Noticed a skeletal warrior
  8614 | D:9      | Noticed a skeletal warrior
  8641 | D:8      | Killed a two-headed ogre
  8642 | D:8      | Reached skill level 9 in Maces & Flails
  8642 | D:8      | Reached XP level 10. HP: 48/61 MP: 10/10
  8950 | D:8      | Noticed a manticore
  8963 | D:8      | Killed a manticore
  9115 | D:8      | Demolished by a freezing wraith

Illustrated notes

Levels and vault maps discovered:
D:1:      scummos_arrival_star, layout_basic, amethyst_killhole,
          dreamdust_wishing_well
D:2:      layout_basic
D:3:      layout_basic
D:4:      layout_loops_ring, amcnicky_altar_gilded, serial_shops,
          nicolae_stop_n_shop_2, nicolae_ossuary_entry_plus, grunt_ministairs_5,
          uniq_robin
D:5:      layout_rooms, lemuel_crystal_altar, nicolae_qazlal_beasts_of_the_sky,
          minmay_temple_entry_overgrown, dreamdust_princess_corridor,
          serial_park_tiny_pond
D:6:      layout_rooms, gammafunk_ghost_split, nicolae_stop_n_shop_2
D:7:      layout_loops_ring, gammafunk_ghost_gnarly_gnolls,
          minmay_misc_feat_encased, dk_noncrumbling_4, uniq_crazy_yiuf_cottage
D:8:      nzn_winding_woodlands_large [nzn_winding_woodlands_hourglass,
          nzn_winding_woodlands_5x15_garden,
          nzn_winding_woodlands_5x5_perimeter,
          nzn_winding_woodlands_center_diamonds,
          nzn_winding_woodlands_15x15_boxy_spiral,
          nzn_winding_woodlands_center_lodge, nzn_winding_woodlands_5x5_cross,
          nzn_winding_woodlands_5x15_parted,
          nzn_winding_woodlands_5x5_checkerboard], layout_basic,
          elyvilon_altar_4, dpeg_oklobed_lair,
          serial_library_hellmonk_small_corner, blue_anna_alchemist
D:9:      layout_roguey, chequers_hall_statues_y, supply_closet_lemuel
Temple:   nicolae_temple_great_sept

Skill      XL: |  1  2  3  4  5  6  7  8  9 |
---------------+----------------------------+-----
Shields        | 4 5 7 |  7.6
Maces & Flails | 3 4 5 6 7 9 |  9.1
Armour         | 4 5 6 8 |  8.7
Fighting       | 4 5 6 |  6.8
Dodging        | 1 2 |  2.9
Stealth        | 1 |  1.7
Throwing       | 1 |  1.8

Action                     |  1- 3 |  4- 6 |  7- 9 | 10-12 || total
---------------------------+-------+-------+-------+-------++-------
  Melee: Flail             |   139 |   217 |   187 |       ||   543
         Whip              |       |       |   324 |   100 ||   424
  Throw: Dart              |       |       |    12 |     9 ||    21
         Boomerang         |       |       |     1 |       ||     1
 Armour: Scale mail        |    85 |       |       |       ||    85
         Chain mail        |    42 |   221 |   474 |    73 ||   810
  Dodge: Dodged            |    77 |   126 |   228 |    37 ||   468
  Block: Buckler           |    47 |    49 |   132 |    21 ||   249
